 Dungeon Crawl Stone Soup version 0.23.2-40-g277498a001 (webtiles) character file.

Game seed: 937363065573122527

80 Descartes the Skirmisher (level 4, -1/38 HPs)
             Began as a Formicid Abyssal Knight on Oct 15, 2019.
             Was a Believer of Lugonu.
             Slain by a water moccasin (4 damage)
             ... on level 2 of the Dungeon.
             The game lasted 00:03:51 (1063 turns).

Descartes the Skirmisher (Formicid Abyssal Knight)  Turns: 1063, Time: 00:03:52

Health: -1/38      AC:  6    Str: 17    XL:     4   Next: 65%
Magic:  5/5        EV: 10    Int: 12    God:    Lugonu [**....]
Gold:   47         SH:  0    Dex: 10    Spells: 3/3 levels left

rFire    . . .     SeeInvis +   a - +1 falchion
rCold    . . .     Gourm    .   (no shield)
rNeg     . . .     Faith    .   m - +0 ring mail
rPois    .         Spirit   .   (helmet unavailable)
rElec    .         Reflect  .   (no cloak)
rCorr    .         Harm     .   j - +0 pair of gloves
MR       .....                  (no boots)
Stlth    ..........             (no amulet)
HPRegen  0.12/turn              (no ring)
MPRegen  0.09/turn              (no ring)

@: lethally poisoned (-1 -> -14)
A: permanent stasis, dig shafts and tunnels, four strong arms, antennae 3
a: Dig, Shaft Self, Depart the Abyss, Bend Space, Renounce Religion


You were on level 2 of the Dungeon.
You worshipped Lugonu.
Lugonu was pleased with you.
You were not hungry.

You visited 1 branch of the dungeon, and saw 2 of its levels.
You visited the Abyss 1 time.

You collected 47 gold pieces.

Inventory:

Hand Weapons
 a - a +1 falchion (weapon)
Missiles
 k - 21 stones (quivered)
 l - 41 arrows
Armour
 b - a +0 leather armour
 j - a +0 pair of gloves (worn)
 m - a +0 ring mail (worn)
Scrolls
 d - 3 scrolls of identify {unknown}
 e - a scroll of amnesia {unknown}
 f - 3 scrolls of remove curse {unknown}
 i - a scroll of noise {unknown}
 p - a scroll of random uselessness {unknown}
Potions
 h - a potion of ambrosia
 n - a potion of heal wounds {unknown}
 o - a potion of resistance {unknown}
 q - a potion of flight {unknown}
Comestibles
 c - 5 rations
 g - 6 chunks of flesh


   Skills:
 + Level 4.5 Fighting
 + Level 3.1 Long Blades
 + Level 2.3 Armour
 + Level 1.0 Dodging
 + Level 2.5 Invocations


You had 3 spell levels left.
You didn't know any spells.
Your spell library was empty.

Dungeon Overview and Level Annotations

Branches:
Dungeon (2/15)

Altars:


Innate Abilities, Weirdness & Mutations

You cannot be hasted, slowed, berserked, paralysed or teleported.
You can dig through walls and to a lower floor.
Your four strong arms can wield two-handed weapons with a shield.
You have a pair of large antennae on your head. (SInv)


Message History

You completely miss the water moccasin.
The water moccasin is almost dead.
The water moccasin bites you. The water moccasin bites you!
* * * LOW HITPOINT WARNING * * *
You hit the water moccasin.
The water moccasin is almost dead.
The water moccasin barely misses you.
You miss the water moccasin.
The water moccasin is almost dead.
The water moccasin barely misses you.
You riposte.
You miss the water moccasin.
The water moccasin is almost dead.
The water moccasin bites you.
* * * LOW HITPOINT WARNING * * *
You are lethally poisoned!
The water moccasin poisons you!
You completely miss the water moccasin.
The water moccasin is almost dead.
* * * LOW HITPOINT WARNING * * *
You feel sick. The water moccasin bites you.
You die...

#.# #.#...#.##.#
#.###..........##.
#.#.......#.####.. ..
#.#.###........... .
#.......#..........# #
###.#####.....##...#.#
#.....# ...
#....S###.#
#.....@รท.# #######%##
#...?.# #.###.# #.#
#.. ###


You could see a water moccasin.

Vanquished Creatures
  3 adders (D:2)
  An ooze (D:1)
  2 dart slugs (D:1)
  A leopard gecko (D:1)
  8 bats
  2 giant cockroaches
  5 goblins
  4 hobgoblins
  3 jackals (D:2)
  6 kobolds
  A quokka (D:2)
  A ball python (D:2)
  2 frilled lizards
  4 rats
43 creatures vanquished.

Notes
Turn   | Place    | Note
-------+----------+-------------------------------------------
     0 | Abyss:1  | Descartes the Formicid Abyssal Knight began the quest for
                  | the Orb.
     0 | Abyss:1  | Reached XP level 1. HP: 18/18 MP: 2/2
    81 | Abyss:1  | Noticed a raiju
    82 | Abyss:1  | Noticed an ice devil
    84 | D:1      | Escaped the Abyss
   119 | D:1      | Reached XP level 2. HP: 22/25 MP: 3/3
   224 | D:1      | Reached * piety under Lugonu
   250 | D:1      | Reached skill level 4 in Fighting
   407 | D:1      | Reached XP level 3. HP: 17/30 MP: 4/4
   898 | D:2      | Reached XP level 4. HP: 35/38 MP: 5/5
   949 | D:2      | Reached skill level 1 in Dodging
   956 | D:2      | HP: 1/38 [poisoned by an adder]
  1052 | D:2      | Noticed a water moccasin
  1053 | D:2      | Reached ** piety under Lugonu
  1063 | D:2      | Slain by a water moccasin

Skill      XL: |  1  2  3  4 |
---------------+-------------+-----
Fighting       | 4 |  4.5
Long Blades    | 3 |  3.1
Dodging        | 1 |  1.0
Armour         | |  2.3
Invocations    | |  2.5

Action                   |  1- 3 |  4- 6 || total
-------------------------+-------+-------++-------
Melee: Falchion          |    70 |    54 ||   124
Invok: Depart the Abyss  |     1 |       ||     1
  Use: Potion            |       |     1 ||     1
  Eat: Chunk             |       |     1 ||     1
Armor: Leather armour    |    33 |     7 ||    40
       Ring mail         |       |     9 ||     9
Dodge: Dodged            |    63 |    41 ||   104
       Rpst.: Falchion   |    19 |    16 ||    35
